 Dungeon Crawl Stone Soup version 0.28-a0-1396-gdcb3f3653b (webtiles) character file.

Game seed: 12402552650774365798

58 Lekart the Shield-Bearer (level 3, -2/31 HPs)
             Began as a Draconian Fighter on Jan 5, 2022.
             Slain by a gnoll (3 damage)
             ... on level 3 of the Dungeon.
             The game lasted 00:03:24 (1967 turns).

Lekart the Shield-Bearer (Draconian Fighter)        Turns: 1967, Time: 00:03:25

Health: -2/31      AC:  5    Str: 18    XL:     3   Next: 75%
Magic:  3/3        EV: 12    Int:  8    God:
Gold:   88         SH:  4    Dex: 12    Spells: 2/2 levels left

rFire   . . .      SeeInvis .   a - +0 long sword
rCold   . . .      Faith    .   b - +0 buckler
rNeg    . . .      Spirit   .   (armour unavailable)
rPois   .          Reflect  .   (helmet restricted)
rElec   .          Harm     .   (no cloak)
rCorr   .          Rampage  .   (no gloves)
Will    .....                   (no boots)
Stlth   +.........              (no amulet)
HPRegen 0.10/turn               (no ring)
MPRegen 0.08/turn               (no ring)

@: lit by a corona, glowing
A: AC +5, unfitting armour, cold-blooded
a: no special abilities


You were on level 3 of the Dungeon.
You visited 1 branch of the dungeon, and saw 3 of its levels.

You collected 88 gold pieces.

Inventory:

Hand Weapons
 a - a +0 long sword (weapon)
Missiles
 g - 6 poisoned darts (quivered)
Armour
 b - a +0 buckler (worn)
Jewellery
 h - an amulet of magic regeneration
Scrolls
 f - a scroll of amnesia {unknown}
Potions
 c - a potion of might
 d - a potion of attraction {unknown}
 e - a potion of curing {unknown}


   Skills:
 + Level 3.4 Fighting
 + Level 2.2 Long Blades
 + Level 1.7 Throwing
 + Level 3.0 Dodging
 * Level 3.5 Shields


You had 2 spell levels left.
You didn't know any spells.
Your spell library contained the following spells:

 Spells                   Type           Power      Damage    Failure   Level
 Animate Skeleton         Necr           0%         N/A       41%         1
 Apportation              Tloc           0%         N/A       41%         1
 Summon Small Mammal      Summ           0%         N/A       41%         1


Dungeon Overview and Level Annotations

Branches:
Dungeon (2/15)

Altars:

Shops:
D:1 *=(:!


Innate Abilities, Weirdness & Mutations

Your plain brown scales are hard. (AC +5)
You cannot fit into any form of body armour.
You are cold-blooded and may be slowed by cold attacks.


Message History

The gnoll hits you but does no damage. The gnoll barely misses you.
Found a scroll labelled VUEGUE MUNU.
The gnoll barely misses you.
Found a chain mail.
The gnoll hits you but does no damage. The gnoll barely misses you.
You block the gnoll's attack. The gnoll hits you with a +0 flail.
You open the door.
There is an open door here.
Found a scroll labelled SEOCZE PUGRO.
You open the door. The gnoll barely misses you.
There is an open door here.
A gnoll comes into view. It is wielding a +0 whip.
Found a book of the Spheres. 2 gnolls come into view.
The gnoll shouts! x2
A gnoll comes into view. It is wielding a +0 club.
A gnoll shaman comes into view. It is wielding a +0 club.
Found a stone staircase leading down.
The gnoll shaman shouts!
A gnoll comes into view. It is wielding a +0 flail.
The gnoll hits you but does no damage.
The gnoll throws a throwing net.
The throwing net hits you.
You become entangled in the net!
Things that are here:
a throwing net; a book of the Spheres You struggle against the net.
The gnoll hits you with a +0 whip. The gnoll completely misses you.
The gnoll shaman calls down the wrath of its god upon you.
You are outlined in light.
You struggle against the net.
The gnoll hits you with a +0 whip. The gnoll barely misses you.
You struggle against the net.
The gnoll hits you with a +0 flail.
The gnoll hits you from afar with a +0 halberd.
* * * LOW HITPOINT WARNING * * *
The gnoll hits you with a +0 flail.
* * * LOW HITPOINT WARNING * * *
You rip the net and break free!
You block the gnoll's attack. The gnoll hits you but does no damage.
The gnoll hits you from afar with a +0 halberd.
You die...

### ### #>....
#.#.. #.#.# #
#.#.###.#
#g.......
#@gg.g...
########ggg.....
#.....##.gg.....
#.....##g#.##...
#.....##....+ ..
#.....##.#.## .
#....?'....#
#....g##.###
#.........#


You could see a gnoll shaman and 9 gnolls.

Vanquished Creatures
  Robin (D:1)
  A dart slug (D:2)
  2 bats (D:1)
  3 endoplasms (D:1)
  A giant cockroach (D:2)
  13 goblins
  5 hobgoblins
  A quokka (D:2)
  2 ball pythons (D:1)
  2 frilled lizards (D:1)
  7 kobolds (D:1)
  4 rats
42 creatures vanquished.

Vanquished Creatures (others)
  2 plants (D:2)
2 creatures vanquished.

Grand Total: 44 creatures vanquished

Notes
Turn   | Place    | Note
-------+----------+-------------------------------------------
     0 | D:1      | Lekart the Draconian Fighter began the quest for the Orb.
     0 | D:1      | Reached XP level 1. HP: 19/19 MP: 1/1
    31 | D:1      | Found Oghupath's Book Shoppe.
   517 | D:1      | Reached XP level 2. HP: 24/26 MP: 2/2
   550 | D:1      | Found Lasiciso's Jewellery Boutique.
   595 | D:1      | Found Tedghuuqodgh's Distillery.
   939 | D:1      | Reached skill level 1 in Throwing
  1034 | D:1      | Found Uraar's Weapon Boutique.
  1077 | D:1      | Found Lapagel's Assorted Antiques.
  1240 | D:2      | Noticed Robin
  1248 | D:2      | Reached XP level 3. HP: 18/31 MP: 3/3
  1408 | D:1      | Killed Robin
  1889 | D:2      | You fall into a shaft and drop 1 floor!
  1966 | D:3      | HP: 1/31 [gnoll (4)]
  1967 | D:3      | Slain by a gnoll

Illustrated notes

Levels and vault maps discovered:
D:1:      dpeg_arrival_rooms_a, layout_basic, serial_shops, shop,
          nicolae_shop_overgrown_old_shop, nicolae_shop_advertising_works
          [nicolae_subvault_shop_adworks], nicolae_diamond_shop,
          nicolae_shop_bloodbath_and_beyond
D:2:      layout_loops_ring, shapermc_ecumenical_altar_rom_forum, serial_shops,
          nicolae_shop_stone, wad_woods_river_04, minmay_misc_feat_alley,
          kennysheep_another_room, uniq_robin
D:3:      layout_basic, small_statue_intersection

Skill      XL: |  1  2  3 |
---------------+----------+-----
Throwing       | 1 |  1.7
Dodging        | 3 |  3.0
Fighting       | |  3.4
Long Blades    | |  2.2
Shields        | |  3.5

Action                   || total
-------------------------++-------
Melee: Long sword        ||    61
       Tailslap          ||     7
Throw: Dart              ||    97
Armor: Skin              ||    40
Dodge: Dodged            ||    80
Block: Buckler           ||    43

Table legend: (Time is in decaauts)
 A = Elapsed time spent in this place.
 B = Non-inter-level travel time spent in this place.
 C = Inter-level travel time spent in this place.
 D = Time resting spent in this place.
 E = Time spent auto-exploring this place.
 F = Levels seen in this place.
 G = Mean time per level.
                   A        B        C        D        E       F      G
               +--------+--------+--------+--------+--------+-----+--------+
         Total |   1998 |   1983 |     15 |    347 |   1241 |   3 |  666.0 |
       Dungeon |   1998 |   1983 |     15 |    347 |   1241 |   3 |  666.0 |
               +--------+--------+--------+--------+--------+-----+--------+

Top non-repeatable levels by time:
     D:1: 1447 daAuts
     D:2: 473 daAuts
     D:3: 78 daAuts
